 Dungeon Crawl Stone Soup version 0.22.0 (webtiles) character file.

1078 Blackhawk the Shield-Bearer (level 8, -2/67 HPs)
             Began as a Gnoll Fighter on Oct 21, 2018.
             Was a Follower of Trog.
             Slain by Harold
             ... wielding a +2 battleaxe of flaming
              (7 damage)
             ... on level 7 of the Dungeon.
             The game lasted 00:09:15 (4773 turns).

Blackhawk the Shield-Bearer (Gnoll Fighter)         Turns: 4773, Time: 00:09:15

Health: -2/67      AC:  9    Str: 20    XL:     8   Next: 29%
Magic:  12/12      EV: 10    Int: 10    God:    Trog [*.....]
Gold:   194        SH: 13    Dex: 16    Spells: 13/13 levels left

rFire    . . .     SeeInvis .   D - +2 hand axe (drain)
rCold    . . .     Gourm    .   s - +2 shield
rNeg     + . .     Faith    .   b - +0 scale mail
rPois    .         Spirit   .   (no helmet)
rElec    .         Reflect  .   (no cloak)
rCorr    .         Harm     .   G - +0 pair of gloves
MR       .....                  (no boots)
Stlth    +.........             j - amulet of regeneration
HPRegen  0.61/turn              p - ring of positive energy
MPRegen  0.13/turn              (no ring)

@: marked
A: distributed training, fangs 1, strong nose
a: Berserk, Renounce Religion


You were on level 7 of the Dungeon.
You worshipped Trog.
Trog was aware of your devotion.
You were not hungry.

You visited 1 branch of the dungeon, and saw 7 of its levels.

You collected 194 gold pieces.

Inventory:

Hand Weapons
 a - a +0 war axe
 h - a +0 hunting sling
 D - a +2 hand axe of draining (weapon)
 J - a +1 mace of crushing
Missiles
 g - 163 stones (quivered)
 y - 44 sling bullets
Armour
 b - a +0 scale mail (worn)
 s - a +2 shield (worn)
 G - a +0 pair of gloves (worn)
Jewellery
 j - an amulet of regeneration (around neck)
 p - a ring of positive energy (left hand)
 x - an uncursed ring of protection from cold
 I - an uncursed ring of fire
Scrolls
 i - 3 scrolls of remove curse {unknown}
 l - a scroll of fear {unknown}
 m - 8 scrolls of teleportation {unknown}
 n - 6 scrolls of identify
 o - a scroll of fog {unknown}
 t - a scroll of random uselessness {unknown}
 v - a scroll of noise {unknown}
 w - 2 scrolls of enchant weapon {unknown}
 B - a scroll of enchant armour {unknown}
 C - a scroll of magic mapping {unknown}
 L - 2 scrolls of blinking {unknown}
Potions
 d - a potion of might
 k - a potion of degeneration {unknown}
 q - a potion of heal wounds {unknown}
 r - 2 potions of invisibility {unknown}
 u - 2 potions of brilliance {unknown}
 z - a potion of agility {unknown}
 A - 2 potions of curing {unknown}
 E - a potion of cancellation {unknown}
 F - a potion of flight {unknown}
 H - a potion of magic {unknown}
 K - a potion of haste {unknown}
Comestibles
 f - 11 rations


   Skills:
 + Level 7.3 Fighting
 + Level 3.1 Short Blades
 + Level 3.1 Long Blades
 + Level 5.5 Axes
 + Level 3.1 Maces & Flails
 + Level 3.1 Polearms
 + Level 3.1 Staves
 + Level 3.1 Slings
 + Level 3.1 Bows
 + Level 3.1 Crossbows
 + Level 3.1 Throwing
 + Level 7.3 Armour
 + Level 3.1 Dodging
 + Level 3.1 Stealth
 + Level 7.3 Shields
 + Level 3.1 Unarmed Combat
 + Level 3.1 Spellcasting
 + Level 2.5 Conjurations
 + Level 2.5 Hexes
 + Level 2.5 Charms
 + Level 2.5 Summonings
 + Level 2.5 Necromancy
 + Level 2.5 Translocations
 + Level 2.5 Transmutations
 + Level 2.5 Fire Magic
 + Level 2.5 Ice Magic
 + Level 2.5 Air Magic
 + Level 2.5 Earth Magic
 + Level 2.5 Poison Magic
 + Level 3.4 Invocations
 + Level 3.1 Evocations


You had 13 spell levels left.
You didn't know any spells.
Your spell library contained the following spells:

 Spells                   Type           Power        Failure   Level  Hunger
 Fireball                 Conj/Fire      #.........   100%        5    ######.
 Conjure Flame            Conj/Fire      #.......     90%         3    ###....
 Throw Flame              Conj/Fire      #.....       71%         2    ###....
 Sticky Flame             Conj/Fire      #.......     100%        4    #####..
 Flame Tongue             Conj/Fire      #....        56%         1    #......
 Inner Flame              Hex/Fire       #.......     90%         3    ###....


Dungeon Overview and Level Annotations

Branches:
Dungeon (7/15)             Temple (0/1) D:5

Altars:
Cheibriados
Dithmenos
Elyvilon
Fedhas
Gozag
Nemelex Xobeh
Trog
Uskayaw
Xom

Shops:
D:4 *(%

Annotations:
D:5 exclusion: oklob sapling
D:6 2 runed doors, pedant's ghost, novice DEAK
D:7 Harold


Innate Abilities, Weirdness & Mutations

Your experience applies equally to all skills.
You have very sharp teeth.
Your uncanny sense of smell can sniff out nearby items.


Message History

Harold is severely wounded.
You block Harold's attack.
You hit Harold.
Harold is almost dead.
You hit Harold but do no damage.
Harold is almost dead.
You block Harold's attack.
You hit Harold but do no damage.
Harold is almost dead.
You block Harold's attack.
You hit Harold. You bite Harold, but do no damage.
Harold is almost dead.
Harold hits you with a battleaxe of flaming!
* * * LOW HITPOINT WARNING * * *
Harold burns you!
* * * LOW HITPOINT WARNING * * *
You hit Harold but do no damage. You drain Harold!
Harold is almost dead.
Harold hits you with a battleaxe of flaming!
You die...

.# .#
###.## ∆
.....##
##.....##
##.......##
#..@......#
+.(@......+
∆
#.........#
##<......##
##.....##
##...##
#+##


You could see Harold.

Vanquished Creatures
  Eustachio (D:4)
  A sky beast (D:5)
  A phantom (D:6)
  A centaur (D:6)
  2 howler monkeys (D:6)
  2 bullfrog zombies
  2 crimson imps
  A hound (D:6)
  A jelly (D:5)
  A bullfrog skeleton (D:4)
  An iguana (D:6)
  A worker ant (D:4)
  2 orc wizards
  A howler monkey zombie (D:6)
  10 adders
  4 gnolls (D:6)
  A howler monkey skeleton (D:6)
  2 shadow imps
  An ooze (D:3)
  2 worms
  2 dart slugs
  5 leopard geckos
  10 orcs
  2 ball pythons
  3 giant cockroaches
  5 goblins
  13 hobgoblins
  10 jackals
  11 kobolds
  2 quokkas (D:6)
  5 bats
  4 frilled lizards
  A quokka skeleton (D:5)
  A quokka zombie (D:2)
  5 rats
117 creatures vanquished.

Notes
Turn   | Place    | Note
-------+----------+-------------------------------------------
     0 | D:1      | Blackhawk the Gnoll Fighter began the quest for the Orb.
     0 | D:1      | Reached XP level 1. HP: 23/23 MP: 1/1
   144 | D:1      | Reached XP level 2. HP: 29/29 MP: 2/2
   692 | D:1      | Reached XP level 3. HP: 33/35 MP: 3/3
  1051 | D:2      | Reached skill level 1 in Invocations
  1105 | D:2      | Found a shimmering altar of Xom.
  1118 | D:2      | Reached skill level 1 in Short Blades
  1118 | D:2      | Reached skill level 1 in Long Blades
  1118 | D:2      | Reached skill level 1 in Maces & Flails
  1118 | D:2      | Reached skill level 1 in Polearms
  1118 | D:2      | Reached skill level 1 in Staves
  1118 | D:2      | Reached skill level 1 in Slings
  1118 | D:2      | Reached skill level 1 in Bows
  1118 | D:2      | Reached skill level 1 in Crossbows
  1118 | D:2      | Reached skill level 1 in Throwing
  1118 | D:2      | Reached skill level 1 in Dodging
  1118 | D:2      | Reached skill level 1 in Stealth
  1118 | D:2      | Reached skill level 1 in Unarmed Combat
  1118 | D:2      | Reached skill level 1 in Spellcasting
  1118 | D:2      | Reached skill level 1 in Evocations
  1118 | D:2      | Reached XP level 4. HP: 39/41 MP: 5/5
  1666 | D:3      | Found a faded altar of an unknown god.
  1762 | D:3      | Found a blossoming altar of Fedhas.
  1766 | D:3      | Reached skill level 1 in Conjurations
  1766 | D:3      | Reached skill level 1 in Hexes
  1766 | D:3      | Reached skill level 1 in Charms
  1766 | D:3      | Reached skill level 1 in Summonings
  1766 | D:3      | Reached skill level 1 in Necromancy
  1766 | D:3      | Reached skill level 1 in Translocations
  1766 | D:3      | Reached skill level 1 in Transmutations
  1766 | D:3      | Reached skill level 1 in Fire Magic
  1766 | D:3      | Reached skill level 1 in Ice Magic
  1766 | D:3      | Reached skill level 1 in Air Magic
  1766 | D:3      | Reached skill level 1 in Earth Magic
  1766 | D:3      | Reached skill level 1 in Poison Magic
  1796 | D:3      | Reached XP level 5. HP: 34/47 MP: 5/7
  1975 | D:3      | Found a snail-covered altar of Cheibriados.
  2318 | D:4      | Found a blossoming altar of Fedhas.
  2368 | D:4      | Found Jics's Assorted Antiques.
  2380 | D:4      | Found Maseifroro's Antique Weapon Shoppe.
  2496 | D:4      | Found a shadowy altar of Dithmenos.
  2498 | D:4      | Found a hide-covered altar of Uskayaw.
  2554 | D:4      | Found Warumi's Food Emporium.
  2624 | D:4      | Found a white marble altar of Elyvilon.
  2854 | D:4      | Found a bloodstained altar of Trog.
  2871 | D:4      | Became a worshipper of Trog the Wrathful
  2885 | D:4      | Noticed Eustachio
  2894 | D:4      | Reached XP level 6. HP: 38/53 MP: 8/8
  2944 | D:4      | Killed Eustachio
  2944 | D:4      | Reached skill level 5 in Axes
  3230 | D:5      | Entered Level 5 of the Dungeon
  3233 | D:5      | Found a sparkling altar of Nemelex Xobeh.
  3280 | D:5      | Noticed a sky beast
  3299 | D:5      | Killed a sky beast
  3299 | D:5      | Reached XP level 7. HP: 45/59 MP: 10/10
  3602 | D:5      | Found a staircase to the Ecumenical Temple.
  3933 | D:6      | Found an opulent altar of Gozag.
  3974 | D:6      | Reached * piety under Trog
  4267 | D:6      | Found a runed door.
  4289 | D:6      | Reached XP level 8. HP: 61/67 MP: 12/12
  4294 | D:6      | Noticed pedant's ghost (novice DEAK)
  4724 | D:6      | Found a runed door.
  4751 | D:7      | Noticed Harold
  4773 | D:7      | Slain by Harold

Skill      XL: |  1  2  3  4  5  6  7  8 |
---------------+-------------------------+-----
Invocations    | 1 2 3 |  3.4
Short Blades   | 1 2 3 |  3.1
Long Blades    | 1 2 3 |  3.1
Maces & Flails | 1 2 3 |  3.1
Polearms       | 1 2 3 |  3.1
Staves         | 1 2 3 |  3.1
Slings         | 1 2 3 |  3.1
Bows           | 1 2 3 |  3.1
Crossbows      | 1 2 3 |  3.1
Throwing       | 1 2 3 |  3.1
Dodging        | 1 2 3 |  3.1
Stealth        | 1 2 3 |  3.1
Unarmed Combat | 1 2 3 |  3.1
Spellcasting   | 1 2 3 |  3.1
Evocations     | 1 2 3 |  3.1
Conjurations   | 1 2 |  2.5
Hexes          | 1 2 |  2.5
Charms         | 1 2 |  2.5
Summonings     | 1 2 |  2.5
Necromancy     | 1 2 |  2.5
Translocations | 1 2 |  2.5
Transmutations | 1 2 |  2.5
Fire Magic     | 1 2 |  2.5
Ice Magic      | 1 2 |  2.5
Air Magic      | 1 2 |  2.5
Earth Magic    | 1 2 |  2.5
Poison Magic   | 1 2 |  2.5
Axes           | 5 |  5.5
Fighting       | 7 |  7.3
Armour         | 7 |  7.3
Shields        | 7 |  7.3

Action                   |  1- 3 |  4- 6 |  7- 9 || total
-------------------------+-------+-------+-------++-------
Melee: War axe           |    90 |   159 |   127 ||   376
       Bite              |    12 |    29 |    28 ||    69
       Hand axe          |       |       |    59 ||    59
  Use: Scroll            |       |       |     4 ||     4
  Eat: Chunk             |     1 |     7 |     5 ||    13
Armor: Scale mail        |    42 |    98 |    52 ||   192
Dodge: Dodged            |    29 |    67 |    54 ||   150
Block: Shield            |    69 |   128 |    97 ||   294
